[Event "Team 45 45 League T45"]
[Site "Internet Chess Club"]
[Date "2010.05.20"]
[Round "3"]
[White "SuperJEM"]
[Black "NFork"]
[Result "1/2-1/2"]
[WhiteElo "2179"]
[BlackElo "2299"]
[Opening "English opening"]
[ECO "A13"]
[Time "00:08:03"]
[TimeControl "2700+45"]

1. c4 e6 2. Nc3 d5 3. cxd5 exd5 4. d4 c6 5. Nf3 Nf6 6. Qc2 Bd6 7. Bg5 h6 8. Bh4
Nbd7 9. e3 O-O 10. Bd3 Re8 11. O-O Be7 12. Rab1 Ne4 13. Bxe7 Qxe7 14. Bxe4 dxe4
15. Nd2 Nf6 16. b4 Bf5 17. a4 Rac8 18. Rfc1 Ng4 19. h3 Nf6 20. Qd1 Nd5 21. Nxd5
cxd5 22. Rc5 Be6 23. Rbc1 b6 24. Rxc8 Bxc8 25. Qb3 Be6 26. Rc6 Qb7 27. b5 Rc8
28. Rc3 Kf8 29. Qb4+ Ke8 30. Kf1 Rxc3 31. Qxc3 Qc8 32. Qb2 a6 33. Ke1 Bd7 34.
Nb1 axb5 35. axb5 Qc4 36. Nc3 f5 37. Qa3 Kf7 38. Qb2 f4 39. exf4 Qxd4 40. Qd2
Qxd2+ 41. Kxd2 d4 42. Nxe4 Ke6 43. g4 Bxb5 44. Ng3 Kd5 45. Nf5 Bf1 46. h4 Ke4
47. Ng3+ Kxf4 48. Nxf1 Kxg4 49. Ng3 g6 50. Ne2 Kxh4 51. Nxd4 Kg4 52. Ke3 h5 53.
f3+ Kg5 54. Ke4 h4 55. Ne6+ Kf6 56. Nf4 b5 57. Kd5 g5 58. Nh3 Kf5 59. Kc5 g4 60.
fxg4+ Kxg4 61. Nf2+ Kf3 62. Nh3 Kg3 63. Ng5 Kg4 64. Ne4 Kf4 65. Nf2 {Game drawn
by mutual agreement} 1/2-1/2

[Event "Team 45 45 League T45"]
[Site "Internet Chess Club"]
[Date "2010.05.23"]
[Round "3"]
[White "Boromir"]
[Black "Deckfuel"]
[Result "0-1"]
[WhiteElo "1988"]
[BlackElo "2038"]
[Opening "Ruy Lopez: Schliemann defense, Berger variation"]
[ECO "C63"]
[Time "06:05:51"]
[TimeControl "2700+45"]

1. e4 e5 2. Nf3 Nc6 3. Bb5 f5 4. Nc3 fxe4 5. Nxe4 d5 6. Nxe5 dxe4 7. Nxc6 Qg5 8.
Qe2 Nf6 9. Qc4 a6 10. Ba4 b5 11. Ne5 Qxe5 12. Qc6+ Kd8 13. Qxa8 bxa4 14. O-O Bc5
15. d3 Ng4 16. g3 Nxf2 17. Rxf2 Rf8 18. Bf4 Bxf2+ 19. Kxf2 g5 20. Qxe4 Qxe4 21.
dxe4 gxf4 22. Rd1+ Ke7 23. Rd5 fxg3+ 24. Kxg3 Bd7 25. Rc5 Kd6 26. Rd5+ Kc6 27.
Rh5 Rf7 28. Rd5 Kb6 29. Rd4 Bc6 30. c3 Rg7+ 31. Kf3 Rf7+ 32. Kg3 Rf1 {White
resigns} 0-1

[Event "Team 45 45 League T45"]
[Site "Internet Chess Club"]
[Date "2010.05.22"]
[Round "3"]
[White "Ptzz"]
[Black "saksipotku"]
[Result "0-1"]
[WhiteElo "2084"]
[BlackElo "2109"]
[Opening "QGD: Chigorin defense"]
[ECO "D07"]
[Time "06:05:41"]
[TimeControl "2700+45"]

1. d4 d5 2. c4 Nc6 3. cxd5 Qxd5 4. e3 e5 5. Nc3 Bb4 6. Bd2 Bxc3 7. bxc3 Nf6 8.
f3 O-O 9. e4 Qd6 10. d5 Ne7 11. Bd3 c6 12. c4 b5 13. Rb1 bxc4 14. Bxc4 cxd5 15.
Bb4 Qd7 16. exd5 Re8 17. Ba3 Qc7 18. Qb3 Nexd5 19. Ne2 Be6 20. O-O Rab8 21. Qa4
Nb6 22. Rxb6 Qxb6+ 23. Kh1 Bxc4 24. Qxc4 Qb5 25. Qxb5 Rxb5 26. Nc3 Rb7 27. h3 h6
28. Re1 Rc8 29. Ne4 Nxe4 30. Rxe4 Rc2 {White resigns} 0-1

[Event "Team 45 45 League T45"]
[Site "Internet Chess Club"]
[Date "2010.05.22"]
[Round "3"]
[White "theophilus"]
[Black "easycure"]
[Result "1/2-1/2"]
[WhiteElo "2192"]
[BlackElo "2372"]
[Opening "Nimzo-Indian: classical, Noa variation"]
[ECO "E34"]
[Time "15:02:45"]
[TimeControl "2700+45"]

1. d4 Nf6 2. c4 e6 3. Nc3 Bb4 4. Qc2 d5 5. cxd5 Qxd5 6. Nf3 Qf5 7. Qxf5 exf5 8.
a3 Be7 9. Bg5 c6 10. e3 Nbd7 11. Bd3 Nb6 12. b4 h6 13. Bh4 a6 14. Bg3 Be6 15.
Be5 O-O 16. O-O Rfc8 17. Rfc1 Nfd5 18. Nxd5 Nxd5 19. Nd2 a5 20. bxa5 Rxa5 21.
Nc4 Ra7 22. a4 f6 23. Bd6 {Game drawn by mutual agreement} 1/2-1/2

[Event "Team 45 45 League T45"]
[Site "Internet Chess Club"]
[Date "2010.05.22"]
[Round "3"]
[White "Ser-Enigma"]
[Black "Terte"]
[Result "0-1"]
[WhiteElo "2131"]
[BlackElo "2025"]
[Opening "Sicilian: Nimzovich-Rossolimo attack (with ...g6, without ...d6)"]
[ECO "B31"]
[Time "09:02:07"]
[TimeControl "2700+45"]

1. e4 c5 2. Nf3 Nc6 3. Bb5 g6 4. Bxc6 bxc6 5. d3 Bg7 6. Nc3 Nf6 7. O-O O-O 8.
Be3 d6 9. h3 e5 10. Qd2 Ne8 11. Nh2 Rb8 12. b3 f5 13. f3 f4 14. Bf2 Rb7 15. Rfd1
h5 16. Qe1 g5 17. Kf1 Rf6 18. Ke2 Rg6 19. Kd2 Qa5 20. a4 d5 21. Ke2 Nf6 22. Nb1
Qa6 23. Nd2 g4 24. hxg4 hxg4 25. Bxc5 gxf3+ 26. Kxf3 Rg3+ 27. Kf2 Bf8 28. Bxf8
Qb6+ 29. Kf1 Rh7 30. Ndf3 Ng4 31. d4 Ne3+ 32. Kg1 Rxg2+ 33. Kh1 Kxf8 34. Rd2 Bg4
35. Nh4 Rxd2 36. Ng6+ Kg7 37. Qxd2 Kxg6 38. dxe5 Bf3+ 39. Kg1 Ng4+ {White
resigns} 0-1

[Event "Team 45 45 League T45"]
[Site "Internet Chess Club"]
[Date "2010.05.20"]
[Round "3"]
[White "lamon2000"]
[Black "jorobo"]
[Result "0-1"]
[WhiteElo "2027"]
[BlackElo "2148"]
[Opening "QGD: Tarrasch defense"]
[ECO "D32"]
[Time "15:30:47"]
[TimeControl "2700+45"]

1. d4 d5 2. c4 e6 3. Nc3 c5 4. e3 Nf6 5. Nf3 Nc6 6. cxd5 exd5 7. Bd3 cxd4 8.
exd4 Bg4 9. Bb5 Be7 10. h3 Bh5 11. g4 Bg6 12. Ne5 Rc8 13. Qa4 O-O 14. Bxc6 bxc6
15. Nxg6 fxg6 16. Qxa7 Bb4 17. O-O Bxc3 18. bxc3 Ne4 19. Be3 Qh4 20. Kg2 Rf7 21.
Qa6 Rcf8 22. Qe2 Nxc3 23. Qc2 Rf3 24. Rh1 Ne4 25. Raf1 Rxe3 {White resigns} 0-1

[Event "Team 45 45 League T45"]
[Site "Internet Chess Club"]
[Date "2010.05.21"]
[Round "3"]
[White "TerryMalloy"]
[Black "egyptiantiger"]
[Result "1-0"]
[WhiteElo "2139"]
[BlackElo "2131"]
[Opening "King's Indian: Sämisch, orthodox, 7.Nge2 c6"]
[ECO "E86"]
[Time "17:11:03"]
[TimeControl "2700+45"]

1. d4 Nf6 2. c4 g6 3. Nc3 Bg7 4. e4 d6 5. f3 O-O 6. Be3 e5 7. Nge2 c6 8. Qd2 a6
9. O-O-O Qa5 10. Kb1 b5 11. dxe5 dxe5 12. Nd5 Qxd2 13. Nxf6+ Bxf6 14. Rxd2 bxc4
15. Bc5 Re8 16. Nc3 Be6 17. Be2 a5 18. Na4 Na6 19. Be3 Red8 20. Nb6 Rxd2 21.
Bxd2 Rb8 22. Bxa5 Bd8 23. Nxc4 Bxc4 24. Bxc4 Bxa5 25. Bxa6 Rd8 26. Rc1 Rd2 27.
a3 Rxg2 28. b4 Bb6 29. Rxc6 Bd4 30. Rc2 Rg1+ 31. Ka2 Re1 32. Be2 Kf8 33. Kb3 f5
34. Ka4 Ra1 35. b5 f4 36. Kb4 g5 37. a4 Bb6 38. Rc6 Rb1+ 39. Kc4 Bd4 40. a5 Rb2
41. b6 h5 42. h3 Ke8 43. Kd5 Rxe2 44. b7 Ba7 45. Rc8+ Ke7 46. Kxe5 Rb2 47. Rc7+
Kd8 48. Rh7 Rb5+ 49. Kd6 Ke8 50. e5 Rxa5 51. Rh8+ Kf7 52. b8=Q Bxb8+ 53. Rxb8
Ra6+ 54. Kd5 Ra3 55. e6+ Ke7 56. Rb7+ Ke8 57. Kd6 Rd3+ 58. Ke5 Re3+ 59. Kf6 Kd8
60. e7+ Kc8 61. Rb5 Kd7 62. Rd5+ Kc6 63. Re5 Rxe5 64. Kxe5 Kd7 65. Kf6 Ke8 66.
Kxg5 Kxe7 67. Kxh5 Kf6 68. Kg4 Ke5 69. h4 {Black resigns} 1-0

[Event "Team 45 45 League T45"]
[Site "Internet Chess Club"]
[Date "2010.05.23"]
[Round "3"]
[White "gaibo4ever"]
[Black "Monsoon-Smith"]
[Result "0-1"]
[WhiteElo "2014"]
[BlackElo "2116"]
[Opening "Sicilian: Kan, 5.Bd3"]
[ECO "B42"]
[Time "12:04:03"]
[TimeControl "2700+45"]

1. e4 c5 2. Nf3 e6 3. d4 cxd4 4. Nxd4 a6 5. Bd3 Nf6 6. c4 Nc6 7. Nxc6 dxc6 8.
O-O e5 9. Bg5 Bc5 10. a3 h6 11. Bh4 Qe7 12. h3 g5 13. Bg3 g4 14. Bh4 Rg8 15. Kh2
gxh3 16. gxh3 Qe6 17. Qf3 Nh5 18. Rd1 Nf4 19. Bf1 Be7 20. Bxe7 Qxe7 21. Nc3 Be6
22. Rac1 f6 23. Ne2 Qg7 24. Qg3 Qf7 25. Qf3 Qg6 26. b4 Rd8 27. Ng3 h5 28. c5 h4
29. Ne2 Rxd1 30. Rxd1 Bc4 31. Ng3 Bxf1 32. Rxf1 hxg3+ 33. fxg3 Nh5 34. Rg1 Ke7
35. a4 Rd8 36. b5 Ng7 37. bxa6 bxa6 38. Qe2 Ne6 39. Rg2 Nd4 40. Qd3 Rb8 41. Rf2
Rb3 42. Qxa6 Qxg3+ {White resigns} 0-1

[Event "Team 45 45 League T45"]
[Site "Internet Chess Club"]
[Date "2010.05.23"]
[Round "3"]
[White "Jack-ONeill"]
[Black "Despair"]
[Result "0-1"]
[WhiteElo "2038"]
[BlackElo "2044"]
[Opening "English opening"]
[ECO "A10"]
[Time "08:00:17"]
[TimeControl "2700+45"]

1. c4 b6 2. Nf3 Bb7 3. e3 e6 4. Be2 d5 5. O-O dxc4 6. Bxc4 Nf6 7. Nc3 Nbd7 8. b3
c5 9. Bb2 g6 10. d4 Bg7 11. Rc1 O-O 12. Be2 cxd4 13. Nxd4 a6 14. Bf3 Bxf3 15.
Qxf3 Ne5 16. Qe2 Re8 17. Rfd1 Qb8 18. Nf3 Ned7 19. Ne4 Rc8 20. Nxf6+ Nxf6 21.
Be5 Qb7 22. Qb2 Rxc1 23. Rxc1 Qe7 24. h3 b5 25. Rc7 Qd8 26. Rb7 Qd1+ 27. Kh2 Qd5
28. Rb6 Nd7 29. Bxg7 Nxb6 30. Bh6 Qd6+ 31. g3 e5 32. Nxe5 f6 33. Ng4 Kf7 34. Bf4
Qe6 35. e4 h5 36. Nh6+ Kg7 37. e5 fxe5 38. g4 Nd7 39. gxh5 Rf8 40. Be3 Rf3 41.
Ng4 gxh5 {White resigns} 0-1

[Event "Team 45 45 League T45"]
[Site "Internet Chess Club"]
[Date "2010.05.24"]
[Round "3"]
[White "frank001"]
[Black "fledermaus"]
[Result "1/2-1/2"]
[WhiteElo "1889"]
[BlackElo "1894"]
[Opening "Queen's pawn: stonewall attack"]
[ECO "D00"]
[Time "20:32:06"]
[TimeControl "2700+45"]

1. d4 d5 2. e3 Nf6 3. Bd3 g6 4. Nd2 Bg7 5. f4 O-O 6. Ngf3 b6 7. O-O c5 8. c3 Ba6
9. Qe2 Bxd3 10. Qxd3 Qd6 11. Ne5 Nbd7 12. g4 Ne8 13. g5 f6 14. gxf6 exf6 15.
Nef3 cxd4 16. cxd4 f5 17. b3 Nc7 18. a4 Rfc8 19. Ba3 Qf6 20. Rac1 Ne6 21. Qb5
Qf7 22. Qxd5 Nf6 23. Qb5 Ng4 24. Qd3 Re8 25. Rfe1 Rad8 26. Qc4 h6 27. h3 Nxe3
28. Rxe3 Nxf4 29. Qxf7+ Kxf7 30. Rc7+ Kg8 31. Ree7 Rxe7 32. Bxe7 Bxd4+ 33. Nxd4
Rxd4 34. Nf3 Rd3 35. Ne5 Rxb3 36. Rxa7 Nxh3+ 37. Kh2 Nf4 38. Bf6 Rb2+ 39. Kg1
Ne6 40. Ra8+ Nf8 41. Nd7 Rb1+ 42. Kf2 Kf7 43. Rxf8+ Ke6 44. Nb8 Rb4 45. Bd8 Rxa4
46. Rf6+ Kd5 47. Rxb6 Ra2+ 48. Ke3 Ra3+ 49. Kd2 Ra2+ 50. Kc3 Rg2 51. Nd7 Ke4 52.
Nf6+ Kf3 53. Bc7 g5 54. Ng8 h5 55. Rh6 h4 56. Bd8 Rg3 57. Kd4 h3 58. Ke5 Kg2 59.
Kxf5 h2 60. Rxh2+ Kxh2 61. Bc7 Kg2 62. Bxg3 Kxg3 63. Kxg5 {Game drawn because
neither player has mating material} 1/2-1/2

[Event "Team 45 45 League T45"]
[Site "Internet Chess Club"]
[Date "2010.05.24"]
[Round "3"]
[White "baumhauer"]
[Black "Guoruey"]
[Result "1-0"]
[WhiteElo "1925"]
[BlackElo "1962"]
[Opening "Sicilian: Grand Prix attack"]
[ECO "B21"]
[Time "15:14:51"]
[TimeControl "2700+45"]

1. e4 c5 2. f4 d6 3. Nc3 Nc6 4. Bb5 Bd7 5. Nf3 a6 6. Bxc6 Bxc6 7. d3 g6 8. O-O
Bg7 9. Qe1 Qc7 10. Rb1 Rc8 11. Kh1 e6 12. f5 Nf6 13. Qh4 exf5 14. Bg5 fxe4 15.
Bxf6 exf3 16. Rbe1+ Kf8 17. gxf3 Re8 18. Rxe8+ Bxe8 19. Nd5 Qd7 20. Bxg7+ Kxg7
21. Qf6+ Kg8 22. Re1 h6 23. Qc3 {Black resigns} 1-0

[Event "Team 45 45 League T45"]
[Site "Internet Chess Club"]
[Date "2010.05.22"]
[Round "3"]
[White "chiiwen"]
[Black "Uwak"]
[Result "0-1"]
[WhiteElo "2156"]
[BlackElo "2422"]
[Opening "Sicilian: dragon, Yugoslav attack, Rauser variation"]
[ECO "B76"]
[Time "23:07:04"]
[TimeControl "2700+45"]

1. e4 c5 2. Nf3 d6 3. d4 cxd4 4. Nxd4 Nf6 5. Nc3 g6 6. Be3 Bg7 7. f3 Nc6 8. Qd2
O-O 9. O-O-O d5 10. Kb1 Rb8 11. g4 e5 12. Nxc6 bxc6 13. Bxa7 Ra8 14. Bc5 Re8 15.
exd5 Qa5 16. Ba3 Qb6 17. Ka1 Rxa3 18. bxa3 e4 19. Na4 Nxd5+ 20. c3 Qa5 21. Nb2
Qxa3 22. Bc4 Bxc3 23. Qc1 exf3 24. Rd3 Re2 25. Rxc3 Nxc3 26. Bb3 Qa5 27. Qf4 Be6
28. Qb8+ Kg7 29. Bxe6 fxe6 30. Qb7+ Kh6 31. g5+ Kh5 32. Qxh7+ Kg4 33. h3+ Kg3
{White resigns} 0-1

[Event "Team 45 45 League T45"]
[Site "Internet Chess Club"]
[Date "2010.05.23"]
[Round "3"]
[White "deepbloopers"]
[Black "Merciful"]
[Result "1-0"]
[WhiteElo "2246"]
[BlackElo "2063"]
[Opening "QGD Slav: 4.e3"]
[ECO "D11"]
[Time "21:00:44"]
[TimeControl "2700+45"]

1. d4 d5 2. c4 c6 3. Nf3 Nf6 4. e3 Bg4 5. Qb3 Qc7 6. Nc3 Bxf3 7. gxf3 e6 8. e4
dxe4 9. fxe4 Na6 10. e5 Ng4 11. h3 Nh6 12. Bxh6 gxh6 13. O-O-O O-O-O 14. c5 Nxc5
15. dxc5 Rxd1+ 16. Qxd1 Qxe5 17. Bd3 Bxc5 18. Qf3 Bb4 19. Bc2 Rd8 20. Rd1 Rxd1+
21. Nxd1 a5 22. Qxf7 Qd5 23. Qg8+ Kc7 24. Qxh7+ Kb6 25. Kb1 Ka7 26. Qd3 Qh5 27.
Qe3+ Bc5 28. Qxe6 Qg5 29. Qf5 Qe7 30. Qe4 Qg5 31. f4 Qh4 32. Qf3 Be7 33. Qf2+
{Black resigns} 1-0

[Event "Team 45 45 League T45"]
[Site "Internet Chess Club"]
[Date "2010.05.21"]
[Round "3"]
[White "BlackHorse"]
[Black "technika"]
[Result "0-1"]
[WhiteElo "2128"]
[BlackElo "1985"]
[Opening "Sicilian: accelerated fianchetto, Maróczy bind, 6.Be3"]
[ECO "B38"]
[Time "15:06:49"]
[TimeControl "2700+45"]

1. e4 c5 2. Nf3 Nc6 3. d4 cxd4 4. Nxd4 g6 5. c4 Bg7 6. Be3 Nf6 7. Nc3 O-O 8. Be2
d6 9. O-O Bd7 10. Rc1 Nxd4 11. Bxd4 Bc6 12. Qd3 a5 13. Nd5 e6 14. Nxf6+ Bxf6 15.
f4 e5 16. fxe5 dxe5 17. Bc3 Qe7 18. Rcd1 Rfd8 19. Qf3 Rxd1 20. Bxd1 Kg7 21. Bc2
Qe6 22. c5 a4 23. b4 Rf8 24. Bd3 Be7 25. Qe2 f6 26. Bc4 Qc8 27. Bd5 Qe8 28. Bxc6
Qxc6 29. Qc4 b6 30. a3 bxc5 31. Bxe5 fxe5 32. b5 Rxf1+ 33. Kxf1 Qf6+ 34. Ke2 Qg5
35. Qxa4 Qxg2+ 36. Kd3 Qf1+ 37. Kc3 Qc1+ 38. Kd3 c4+ 39. Qxc4 Qxa3+ 40. Ke2 Qb2+
41. Kd3 Qb1+ 42. Ke2 Qb2+ 43. Kd3 Qxh2 44. Qe6 Qg3+ 45. Kc4 Ba3 46. Qd7+ Kh6 47.
b6 Qe3 48. Qc6 Qd4+ 49. Kb5 Qb4+ 50. Ka6 Bb2 51. Qb5 Qxb5+ 52. Kxb5 Bd4 53. b7
Ba7 {White resigns} 0-1

[Event "Team 45 45 League T45"]
[Site "Internet Chess Club"]
[Date "2010.05.22"]
[Round "3"]
[White "BRAINWAVE"]
[Black "chess9793"]
[Result "0-1"]
[WhiteElo "1781"]
[BlackElo "2032"]
[Opening "Canard opening"]
[ECO "A45"]
[Time "16:20:09"]
[TimeControl "2700+45"]

1. d4 Nf6 2. f4 c5 3. c3 b6 4. Nf3 Bb7 5. e3 g6 6. Bd3 Bg7 7. O-O O-O 8. Nbd2 d6
9. Qe2 Nbd7 10. b3 e5 11. Ng5 h6 12. Nge4 Nxe4 13. Bxe4 Bxe4 14. Nxe4 exd4 15.
Bb2 d5 16. Ng3 dxc3 17. Ba3 Re8 18. Rac1 d4 19. e4 Nf6 20. Qf3 Qc7 21. Rfd1 b5
22. b4 a5 23. e5 Nd7 24. bxc5 b4 25. Rxd4 Qxc5 26. Qd5 Qxd5 27. Rxd5 Nf8 28. Ne4
Red8 29. Nd6 Ne6 30. g3 Bf8 31. Rc2 bxa3 32. Rxc3 Bxd6 33. exd6 Ra6 34. Rxa3
Rdxd6 35. Rdxa5 Rxa5 36. Rxa5 Rd2 37. Ra8+ Kg7 38. a4 Nd4 39. h3 Ra2 40. Kf1 Nb3
41. Kg1 Nc5 42. a5 Nb3 43. a6 Nd4 44. Kf1 Nb5 45. Rb8 Nc7 46. a7 Rxa7 47. Rb2
Ra3 48. Kg2 Ne6 49. Rf2 Nd4 50. Rd2 Nf5 51. g4 Nh4+ 52. Kf1 Rxh3 53. Rd5 Rf3+
54. Kg1 Rxf4 55. g5 Rg4+ 56. Kh2 Rxg5 57. Rd8 Nf3+ 58. Kh3 h5 59. Rg8+ Kf6 60.
Rxg6+ Kf5 61. Rf6+ Ke4 62. Rf4+ Ke3 63. Rxf7 Kf2 64. Rg7 Ng1+ 65. Kh2 Rxg7 66.
Kh1 Rg8 67. Kh2 Nf3+ 68. Kh3 Rg3# {White checkmated} 0-1

[Event "Team 45 45 League T45"]
[Site "Internet Chess Club"]
[Date "2010.05.23"]
[Round "3"]
[White "YoniKer"]
[Black "izit"]
[Result "0-1"]
[WhiteElo "2050"]
[BlackElo "2222"]
[Opening "Sicilian"]
[ECO "B50"]
[Time "15:10:40"]
[TimeControl "2700+45"]

1. e4 c5 2. Nf3 d6 3. c3 Nf6 4. Be2 Nbd7 5. Qc2 Qc7 6. Na3 a6 7. O-O g6 8. d4
cxd4 9. Nxd4 Bg7 10. Be3 O-O 11. Nb3 b5 12. f4 Bb7 13. Bf3 b4 14. cxb4 Qxc2 15.
Nxc2 Bxe4 16. Bxe4 Nxe4 17. Bd4 Rfc8 18. Rac1 Bh6 19. Be3 Ndf6 20. g3 Nd5 21.
Rfd1 {White resigns} 0-1

[Event "Team 45 45 League T45"]
[Site "Internet Chess Club"]
[Date "2010.05.24"]
[Round "3"]
[White "Darkwizard1"]
[Black "QueensCounselor"]
[Result "0-1"]
[WhiteElo "1925"]
[BlackElo "2125"]
[Opening "Sicilian: Keres variation (2.Ne2)"]
[ECO "B20"]
[Time "15:00:17"]
[TimeControl "2700+45"]

1. e4 c5 2. Ne2 d6 3. g3 Nf6 4. Bg2 g6 5. O-O Bg7 6. c3 O-O 7. d4 Nc6 8. h3 Bd7
9. Be3 Qb6 10. Nd2 cxd4 11. cxd4 Qxb2 12. Rb1 Qxa2 13. Rxb7 Qa6 14. Rb1 Rfb8 15.
Rxb8+ Rxb8 16. f4 Qd3 17. Kf2 Rb2 18. Nc1 Nxe4+ 19. Bxe4 Qxe4 20. Qb3 Bxd4
{White resigns} 0-1

[Event "Team 45 45 League T45"]
[Site "Internet Chess Club"]
[Date "2010.05.24"]
[Round "3"]
[White "MaartenKoning"]
[Black "Telos"]
[Result "0-1"]
[WhiteElo "2292"]
[BlackElo "2443"]
[Opening "Trompowsky attack (Ruth, Opocenský opening)"]
[ECO "A45"]
[Time "14:10:52"]
[TimeControl "2700+45"]

1. d4 Nf6 2. Bg5 c5 3. d5 b5 4. Bxf6 exf6 5. e4 a6 6. a4 b4 7. Nd2 d6 8. Ngf3 g6
9. Be2 Bg7 10. Nc4 Qc7 11. O-O O-O 12. Nfd2 Re8 13. f4 f5 14. Bf3 fxe4 15. Nxe4
Rd8 16. g4 a5 17. Re1 Ba6 18. Ned2 Nd7 19. Rb1 Nb6 20. Nxb6 Qxb6 21. Kg2 c4 22.
Ne4 Re8 23. g5 Rac8 24. h4 Qc7 25. h5 Rcd8 26. Rh1 Bc8 27. hxg6 fxg6 28. Rh4 Bf5
29. Ng3 Rf8 30. Nxf5 Rxf5 31. Bg4 Qf7 32. Bxf5 Qxf5 33. Qd2 Bxb2 34. Rbh1 Re8
35. Kg3 Re7 36. Qf2 Qxd5 37. Qb6 Qe4 38. Qd8+ Re8 39. Qxd6 Qe3+ 40. Kg2 Qe2+ 41.
Kg1 Qe1+ 42. Kg2 Re2+ 43. Kf3 Qf2+ 44. Kg4 Qg2# {White checkmated} 0-1

[Event "Team 45 45 League T45"]
[Site "Internet Chess Club"]
[Date "2010.05.23"]
[Round "3"]
[White "Cuby"]
[Black "Paulkov"]
[Result "1-0"]
[WhiteElo "2266"]
[BlackElo "2233"]
[Opening "King's Indian: fianchetto without c4"]
[ECO "A49"]
[Time "14:00:35"]
[TimeControl "2700+45"]

1. Nf3 Nf6 2. d4 g6 3. g3 Bg7 4. Bg2 O-O 5. O-O c5 6. Nc3 cxd4 7. Nxd4 Nc6 8.
Nb3 d6 9. h3 Bd7 10. e4 Rc8 11. Be3 Ne5 12. Nd2 Qa5 13. Nd5 Nxd5 14. exd5 Nc4
15. Nxc4 Rxc4 16. c3 b5 17. Re1 b4 18. cxb4 Qxb4 19. b3 Rc7 20. a3 Qb7 21. Ra2
Rfc8 22. b4 h5 23. Bg5 Bf5 24. Rae2 f6 25. Be3 Bf8 26. Qa4 Bd7 27. Qa5 Qb5 28.
Qxb5 Bxb5 29. Rb2 a6 30. Bf1 Rc2 31. Rxc2 Rxc2 32. a4 Bxf1 33. Kxf1 Rb2 34. b5
axb5 35. a5 Ra2 36. Bb6 Kf7 37. Rb1 Bh6 38. Rxb5 Ke8 39. Kg2 Bd2 40. Kf3 Be1 41.
g4 hxg4+ 42. hxg4 Kd7 43. Ke4 Kc8 44. f4 Kd7 45. Kd3 Rd2+ 46. Kc4 Ra2 47. Kb3
Ra1 48. f5 gxf5 49. gxf5 Kc8 50. Kc2 Kd7 51. Rb1 Rxb1 52. Kxb1 Kc8 53. Kc2 Kb7
54. Kb3 Ka6 55. Ka4 Bc3 56. Bd8 Bd4 57. Bxe7 Be5 58. Kb4 Ka7 59. Kb5 Kb7 60. a6+
Kc7 61. Bd8+ Kb8 62. Bb6 Kc8 63. Kc6 Kb8 64. Bc7+ Ka7 65. Bxd6 Bc3 66. Bc7 Kxa6
67. d6 {Black resigns} 1-0

[Event "Team 45 45 League T45"]
[Site "Internet Chess Club"]
[Date "2010.05.23"]
[Round "3"]
[White "noHz"]
[Black "Seaborgium"]
[Result "0-1"]
[WhiteElo "2100"]
[BlackElo "2124"]
[Opening "King's Indian defense, 3.Nc3"]
[ECO "E90"]
[Time "15:01:06"]
[TimeControl "2700+45"]

1. d4 Nf6 2. c4 g6 3. Nc3 Bg7 4. Nf3 O-O 5. e4 d6 6. h3 e5 7. d5 Nbd7 8. Bg5 h6
9. Be3 Nc5 10. Qc2 a5 11. b3 b6 12. Be2 Nh5 13. g4 Nf4 14. Kf1 f5 15. gxf5 gxf5
16. exf5 Bxf5 17. Qd2 Qd7 18. h4 Nxe2 19. Nxe2 Bh3+ 20. Ke1 Rxf3 21. Bxh6 Nd3+
22. Kd1 Nxf2+ 23. Kc2 Bf5+ 24. Kb2 e4+ 25. Ka3 a4 26. Kb4 Nd3+ {White resigns}
0-1

[Event "Team 45 45 League T45"]
[Site "Internet Chess Club"]
[Date "2010.05.23"]
[Round "3"]
[White "zeigmata"]
[Black "vnchess"]
[Result "0-1"]
[WhiteElo "2197"]
[BlackElo "2256"]
[Opening "King's Indian: orthodox, Aronin-Taimanov, bayonet attack"]
[ECO "E97"]
[Time "14:01:36"]
[TimeControl "2700+45"]

1. d4 Nf6 2. c4 g6 3. Nc3 Bg7 4. e4 d6 5. Be2 O-O 6. Nf3 e5 7. O-O Nc6 8. d5 Ne7
9. b4 a5 10. Ba3 axb4 11. Bxb4 b6 12. a4 Nd7 13. a5 bxa5 14. Bxa5 Nc5 15. Nd2 f5
16. Bb4 Rxa1 17. Qxa1 Bh6 18. Bxc5 Bxd2 19. Ba3 Bxc3 20. Qxc3 fxe4 21. Re1 Nf5
22. Bd1 Qh4 23. g3 Qf6 24. Rxe4 Nd4 25. f4 g5 26. Kh1 Qf5 27. Qe1 Qh3 28. Bb2
Nf5 29. Kg1 gxf4 30. gxf4 Kf7 {White forfeits on time} 0-1

[Event "Team 45 45 League T45"]
[Site "Internet Chess Club"]
[Date "2010.05.21"]
[Round "3"]
[White "Gregorio"]
[Black "Stryker672"]
[Result "1-0"]
[WhiteElo "1962"]
[BlackElo "1938"]
[Opening "English, 1...Nf6 (Anglo-Indian defense)"]
[ECO "A13"]
[Time "20:00:25"]
[TimeControl "2700+45"]

1. c4 Nf6 2. g3 e6 3. Bg2 d5 4. Nf3 Bd6 5. O-O O-O 6. b3 Nbd7 7. Nc3 b6 8. cxd5
exd5 9. Nb5 Be7 10. Nfd4 Bb7 11. Nf5 c6 12. Nxe7+ Qxe7 13. Ba3 c5 14. d4 a6 15.
Nc3 Ne4 16. Rc1 Rfe8 17. dxc5 Nxc3 18. Rxc3 Nxc5 19. b4 Ne4 20. Re3 Qc7 21. Qd4
Nd6 22. Bb2 Nf5 23. Qg4 g6 24. Rf3 d4 25. Rxf5 Bxg2 26. Kxg2 Qc2 27. Qxd4 Qe4+
28. Qxe4 Rxe4 29. Rf6 Rxe2 30. Bd4 a5 31. bxa5 Rxa5 32. Rc1 Ra8 33. Rc7 Rexa2
34. Rfxf7 {Black resigns} 1-0

[Event "Team 45 45 League T45"]
[Site "Internet Chess Club"]
[Date "2010.05.24"]
[Round "3"]
[White "perikitosax"]
[Black "Cristina"]
[Result "0-1"]
[WhiteElo "2019"]
[BlackElo "2065"]
[Opening "King's Indian: orthodox, 7...Nbd7"]
[ECO "E94"]
[Time "12:47:16"]
[TimeControl "2700+45"]

1. d4 d6 2. Nf3 g6 3. c4 Bg7 4. Nc3 Nd7 5. e4 e5 6. Be2 Ngf6 7. O-O O-O 8. Be3
Ng4 9. Bg5 f6 10. Bc1 c6 11. h3 Nh6 12. Be3 Qe7 13. Qc2 f5 14. Bg5 Qe8 15. Rad1
Nf7 16. Bc1 Nf6 17. d5 c5 18. Ng5 Bd7 19. Nxf7 Rxf7 20. Bd2 f4 21. Rb1 g5 22.
Qd1 Rf8 23. Bg4 Nxg4 24. hxg4 h5 25. Nb5 Bxb5 26. cxb5 Qxb5 27. gxh5 Qd7 28. f3
Qf7 29. Qb3 b6 30. Kf2 Qxh5 31. Rh1 Qg6 32. Qa4 g4 33. Rbg1 g3+ 34. Ke2 Qe8 35.
Qxe8 Rfxe8 36. a4 a6 37. Ra1 b5 38. axb5 axb5 39. b3 Kf7 40. Bc3 Rec8 41. Rxa8
Rxa8 42. Ra1 Rh8 43. Kd3 Bf6 44. b4 c4+ 45. Ke2 Rh2 46. Kf1 Bd8 47. Rd1 Bb6 48.
Bb2 Ke7 49. Bc3 Kf6 50. Bb2 Bd4 51. Bxd4 exd4 52. Rxd4 Rh1+ 53. Ke2 Rg1 54. e5+
dxe5 {White resigns} 0-1

[Event "Team 45 45 League T45"]
[Site "Internet Chess Club"]
[Date "2010.05.21"]
[Round "3"]
[White "Chatica"]
[Black "screamingeagle"]
[Result "0-1"]
[WhiteElo "2010"]
[BlackElo "2088"]
[Opening "Nimzovich-Larsen attack: classical variation"]
[ECO "A01"]
[Time "22:02:09"]
[TimeControl "2700+45"]

1. b3 d5 2. Bb2 c5 3. e3 Nc6 4. Bb5 d4 5. Nf3 dxe3 6. fxe3 Nf6 7. Bxc6+ bxc6 8.
O-O g6 9. e4 Bg7 10. d3 O-O 11. Nbd2 Ba6 12. Qe1 Bh6 13. Ne5 Rc8 14. Ndc4 Nd7
15. Ng4 Bg7 16. Bxg7 Kxg7 17. Qc3+ f6 18. e5 Nb6 19. exf6+ exf6 20. Qe1 Qd4+ 21.
Nf2 Rce8 22. Qd1 Nd5 23. Qf3 Bxc4 24. bxc4 Ne3 25. c3 Qxc3 26. Ne4 Qd4 27. Rfe1
Nc2+ 28. Kh1 Nxa1 {White resigns} 0-1

[Event "Team 45 45 League T45"]
[Site "Internet Chess Club"]
[Date "2010.05.22"]
[Round "3"]
[White "VietLion"]
[Black "ticopatzer"]
[Result "1-0"]
[WhiteElo "1853"]
[BlackElo "1595"]
[Opening "Petrov: Nimzovich attack"]
[ECO "C42"]
[Time "15:01:17"]
[TimeControl "2700+45"]

1. e4 e5 2. Nf3 Nf6 3. Nxe5 d6 4. Nf3 Nxe4 5. Nc3 Nxc3 6. dxc3 Be7 7. Be3 Nc6 8.
Qd2 Be6 9. Bd3 Ne5 10. Nd4 Bd5 11. f3 c5 12. Nf5 g6 13. Bb5+ Bc6 14. Bxc6+ bxc6
15. Nh6 Rb8 16. b3 Qa5 17. f4 Nd7 18. O-O f5 19. Rfe1 Nf6 20. b4 cxb4 21. Bd4
Ne4 22. Rxe4 fxe4 23. Bxh8 Qh5 24. Ng8 Kd7 25. Nf6+ Bxf6 26. Bxf6 Qc5+ 27. Bd4
Qd5 28. cxb4 a5 29. a3 axb4 30. axb4 c5 31. bxc5 dxc5 32. Be3 Qxd2 33. Bxd2 Rb2
34. Rc1 Kc6 35. Kf2 Kd5 36. Ke3 c4 37. g4 Ra2 38. h4 Ra3+ 39. c3 Ra6 40. Rb1 Re6
41. Rb7 h5 42. g5 Kc6 43. Ra7 Kd5 44. Ra5+ Kc6 45. Ra6+ Kd5 46. Rxe6 Kxe6 47.
Kxe4 Ke7 48. Kd5 Kf7 49. Kxc4 Ke6 50. Kd4 Kf5 51. c4 Ke6 52. c5 Kd7 53. Kd5 Kc7
54. Be3 Kd7 55. Ke5 Kc6 56. Kf6 Kd5 57. Kxg6 Ke4 58. Bc1 {Black resigns} 1-0